 Dungeon Crawl Stone Soup version 0.28-a0-1493-g08698888e4 (webtiles) character file.

Game seed: 7744898960384204665

1226 bande the Chopper (level 8, -5/48 HPs)
             Began as a Gargoyle Fighter on Jan 12, 2022.
             Slain by an ice beast (11 damage)
             ... on level 6 of the Dungeon.
             The game lasted 00:08:47 (6374 turns).

bande the Chopper (Gargoyle Fighter)                Turns: 6374, Time: 00:08:48

Health: -5/48      AC: 19    Str: 20    XL:     8   Next: 47%
Magic:  8/8        EV:  7    Int:  9    God:
Gold:   1181       SH:  6    Dex: 11    Spells: 7/7 levels left

rFire   . . .      SeeInvis .   a - +1 war axe (vorpal)
rCold   . . .      Faith    .   c - +1 buckler
rNeg    + . .      Spirit   .   l - +0 chain mail
rPois   ∞          Reflect  .   (no helmet)
rElec   +          Harm     .   q - +2 cloak
rCorr   .          Rampage  .   (no gloves)
Will    .....                   (no boots)
Stlth   ..........              (no amulet)
HPRegen 0.16/turn               (no ring)
MPRegen 0.11/turn               (no ring)

@: no status effects
A: sickness immunity, AC +5, negative energy resistance 1, electricity
resistance, torment resistance 1, petrification resistance
a: no special abilities


You were on level 6 of the Dungeon.
You visited 1 branch of the dungeon, and saw 6 of its levels.

You collected 1973 gold pieces.
You spent 792 gold pieces at shops.

Inventory:

Hand Weapons
 a - a +1 vorpal war axe (weapon)
 j - a +0 flail
Armour
 c - a +1 buckler (worn)
 l - a +0 chain mail (worn)
 q - a +2 cloak (worn)
Jewellery
 k - a ring of protection from cold
Wands
 e - a wand of digging (3)
 r - a wand of flame (23)
Scrolls
 b - 3 scrolls of fear
 g - a scroll of magic mapping
 i - 3 scrolls of teleportation
Potions
 d - a potion of might
 f - a potion of lignification
 h - 2 potions of invisibility
 m - a potion of haste
 n - a potion of ambrosia {unknown}
 p - 2 potions of curing {unknown}


   Skills:
 + Level 4.9 Fighting
 + Level 6.7 Axes
 + Level 6.0 Armour
 + Level 4.8 Shields
 * Level 1.6 Evocations


You had 7 spell levels left.
You didn't know any spells.
Your spell library contained the following spells:

 Spells                   Type           Power      Damage    Failure   Level
 Blink                    Tloc           0%         N/A       100%        2
 Conjure Flame            Conj/Fire      0%         6-21      100%        3
 Ignite Poison            Fire/Tmut/Pois 0%         N/A       100%        3
 Lesser Beckoning         Tloc           0%         N/A       100%        3
 Sticky Flame             Conj/Fire      0%         2d3       100%        4
 Manifold Assault         Tloc           0%         N/A       100%        5


Dungeon Overview and Level Annotations

Branches:
Dungeon (6/15)
 Temple: D:4-7

Altars:
Ashenzari
Cheibriados
Dithmenos
Elyvilon
Trog
The Shining One

Shops:
D:5 !   D:6 ?

Annotations:
D:6 2 transporters, croobank's ghost, novice DrTm


Innate Abilities, Weirdness & Mutations

You are immune to sickness and miasma.
Your stone body is resilient. (AC +5)
You are immune to poison.
You resist negative energy. (rN+)
You are resistant to electric shocks. (rElec)
You are resistant to unholy torment.
You are immune to petrification.


Message History

The ice beast barely misses you.
Unknown command.
You hit the ice beast.
The ice beast is lightly wounded.
You hit the bullfrog.
The bullfrog hits you but does no damage.
You block the ice beast's attack.
The bullfrog hits you but does no damage.
The ice beast hits you. The ice beast freezes you!
You hit the ice beast but do no damage.
The ice beast is lightly wounded.
You completely miss the bullfrog. You block the bullfrog's attack.
The bullfrog hits you but does no damage.
The ice beast hits you but does no damage.
Unknown command.
You barely miss the ice beast.
The ice beast is lightly wounded.
You hit the bullfrog but do no damage. The bullfrog barely misses you.
The ice beast barely misses you. You block the bullfrog's attack.
Unknown command.
You hit the ice beast.
The ice beast is heavily wounded.
You barely miss the bullfrog. The bullfrog hits you. The ice beast hits you.
The ice beast freezes you!
* * * LOW HITPOINT WARNING * * *
The bullfrog barely misses you.
You hit the ice beast.
The ice beast is heavily wounded.
You hit the bullfrog. The bullfrog hits you.
* * * LOW HITPOINT WARNING * * *
The ice beast hits you but does no damage.
The bullfrog barely misses you.
You closely miss the ice beast.
The ice beast is heavily wounded.
You hit the bullfrog.
You kill the bullfrog!
The ice beast hits you.
* * * LOW HITPOINT WARNING * * *
The ice beast freezes you!
You die...

............#########............
................©...............#
........................).......#
................................#
.................................
.................................
.................................
...............†............>....
...............Y@..######...##..)
............._.....# ##...####.
...............$....# #.....###.
...............8.....#..#.....##.
.......................####....#.
................._.....# ##.....
..........##.........#..# ##....
..........###.......##... #....
............)### #.# #... #....


You could see an ice beast.

Vanquished Creatures
  Duvessa (D:5)
  An orc warrior (D:5)
  An ice beast (D:6)
  A sky beast (D:6)
  A kobold brigand (D:6)
  2 bullfrogs (D:6)
  2 scorpions (D:4)
  Dowan (D:5)
  A howler monkey (D:6)
  A bullfrog skeleton (D:6)
  4 hounds
  An orc priest (D:4)
  2 iguanas
  2 orc wizards
  A killer bee zombie (D:5)
  2 hound skeletons
  A howler monkey zombie (D:5)
  6 adders
  2 adder skeletons (D:4)
  2 worms
  A dart slug (D:4)
  12 orcs
  11 endoplasms
  2 giant cockroaches
  8 goblins
  9 hobgoblins
  2 jackals (D:5)
  7 kobolds
  2 quokkas
  2 ball pythons
  9 bats
  4 frilled lizards
  A jackal skeleton (D:4)
  8 rats
113 creatures vanquished.

Notes
Turn   | Place    | Note
-------+----------+-------------------------------------------
     0 | D:1      | bande the Gargoyle Fighter began the quest for the Orb.
     0 | D:1      | Reached XP level 1. HP: 14/14 MP: 1/1
   514 | D:1      | Reached XP level 2. HP: 19/19 MP: 2/2
   850 | D:1      | Found a faded altar of an unknown god.
  1198 | D:1      | Reached XP level 3. HP: 23/23 MP: 3/3
  1808 | D:2      | Reached XP level 4. HP: 29/29 MP: 4/4
  2888 | D:3      | Reached XP level 5. HP: 33/33 MP: 5/5
  3670 | D:4      | Found a bloodstained altar of Trog.
  3677 | D:4      | Reached XP level 6. HP: 38/38 MP: 6/6
  3680 | D:4      | Identified a scroll of acquirement
  3680 | D:4      | Acquired 862 gold pieces
  4046 | D:4      | Reached skill level 5 in Axes
  4130 | D:4      | Reached XP level 7. HP: 40/43 MP: 7/7
  4249 | D:5      | Entered Level 5 of the Dungeon
  4744 | D:5      | Reached skill level 5 in Armour
  5180 | D:5      | Found a glowing golden altar of the Shining One.
  5260 | D:5      | Found a broken altar of Ashenzari.
  5334 | D:5      | Noticed Duvessa
  5334 | D:5      | Noticed Dowan
  5343 | D:5      | Killed Dowan
  5344 | D:5      | Killed Duvessa
  5797 | D:5      | Found Qiniref's Distillery.
  5805 | D:5      | Bought a potion of degeneration for 12 gold pieces
  5933 | D:6      | Found a shadowy altar of Dithmenos.
  6017 | D:6      | Reached XP level 8. HP: 44/48 MP: 8/8
  6036 | D:6      | Reached skill level 1 in Evocations
  6044 | D:6      | Found a transporter.
  6047 | D:6      | Noticed croobank's ghost (novice DrTm)
  6053 | D:6      | Noticed a yak
  6270 | D:6      | Found Sosekh's Magic Scroll Emporium.
  6278 | D:6      | Bought a scroll of acquirement for 780 gold pieces
  6282 | D:6      | Acquired 829 gold pieces
  6301 | D:6      | Found a snail-covered altar of Cheibriados.
  6354 | D:6      | Found a transporter.
  6358 | D:6      | Found a white marble altar of Elyvilon.
  6374 | D:6      | Slain by an ice beast

Illustrated notes

Levels and vault maps discovered:
D:1:      shiori_arrival_maze, layout_loops_corners,
          shapermc_ecumenical_altar_mp_vishouse
D:2:      layout_basic, minmay_split_cup_large
D:3:      layout_loops_ring, minmay_cut_off
D:4:      minmay_diamond_boxcup, layout_rooms, mainiacjoe_overflow_24_doors,
          serial_glass, glass_columns_a, glass_columns_b
D:5:      layout_cave_pools, nicolae_tso_carved_into_rock,
          nicolae_overflow_crystal_walls, serial_shops, shop, uniq_duvessa
D:6:      layout_layer_cave, zin_scriptorium, cheibriados_altar_1,
          grunt_temple_overflow_open, gammafunk_ghost_arena, serial_shops, shop,
          grunt_ministairs_11, kennysheep_another_room

Skill      XL: |  1  2  3  4  5  6  7  8 |
---------------+-------------------------+-----
Axes           | 2 3 4 5 6 |  6.7
Armour         | 4 5 6 |  6.0
Fighting       | 4 |  4.9
Shields        | 4 |  4.8
Evocations     | 1 |  1.6

Action                   |  1- 3 |  4- 6 |  7- 9 || total
-------------------------+-------+-------+-------++-------
Melee: War axe           |    98 |   150 |   128 ||   376
  Use: Scroll            |     4 |     6 |     4 ||    14
       Potion            |       |       |     3 ||     3
Armor: Scale mail        |    69 |    56 |       ||   125
       Chain mail        |       |    31 |    87 ||   118
Dodge: Dodged            |    48 |    61 |    50 ||   159
Block: Buckler           |    28 |    46 |    50 ||   124

Table legend: (Time is in decaauts)
 A = Elapsed time spent in this place.
 B = Non-inter-level travel time spent in this place.
 C = Inter-level travel time spent in this place.
 D = Time resting spent in this place.
 E = Time spent auto-exploring this place.
 F = Levels seen in this place.
 G = Mean time per level.
                   A        B        C        D        E       F      G
               +--------+--------+--------+--------+--------+-----+--------+
         Total |   6501 |   6489 |     12 |   1417 |   4013 |   6 | 1083.5 |
       Dungeon |   6501 |   6489 |     12 |   1417 |   4013 |   6 | 1083.5 |
               +--------+--------+--------+--------+--------+-----+--------+

Top non-repeatable levels by time:
     D:5: 1695 daAuts
     D:1: 1435 daAuts
     D:4: 1058 daAuts
     D:3: 1019 daAuts
     D:2: 832 daAuts
     D:6: 459 daAuts
